Inferno vs Gangsters (R1)

Created - 27 novembre 2015 at 19:25

Goals
1 2 3 T
Inferno 1 3 1 5
Gangsters 1 1 0 2
Shots
1 2 3 T
Inferno 10 20 7 37
Gangsters 16 8 15 39

1st period

1. Inferno , Vladimir Zharkov 10 (Zach Redmond, Vladimir Sobotka) at 11:51
2. Gangsters , Ryan Jones 10 (Igor Radulov, Ryan Johansen) at 14:04

Penalties :
Zach Redmond (Anc) for Roughing (Minor) at 1:07, Patrik Nemeth (Bro) for Hooking (Minor) at 8:42, Luke Gazdic (Bro) for Hooking (Minor) at 18:59

2nd period

3. Gangsters , Alexandre Bolduc 12 (Mikko Lehtonen, Dave Dziurzynski) at 2:09
4. Inferno , Mikhail Grabovski 10 (Jonathan Ferland, Colby Robak) at 6:07
5. Inferno , Pavel Vorobiev 8 (Matt Kassian) at 8:58
6. Inferno , Anders Lee 8 (Cal O'Reilly, Christian Folin) at 13:06

Penalties :
Bryan Young (Bro) for Holding Stick (Minor) at 6:51, Yannick Weber (Anc) for Holding (Minor) at 13:47, Matt Delahey (Bro) for Hooking (Minor) at 17:59

3rd period

7. Inferno , Yannick Weber 4 (Vladimir Sobotka) at 12:19

Penalties :
Matt Delahey (Bro) for Holding (Minor) at 0:25, Stephane Veilleux (Anc) for Hooking (Minor) at 18:34, Igor Radulov (Bro) for Hooking (Minor) at 18:52

Goalie Stats

Josh Harding (Anc), 37 saves from 39 shots - (0,949), W, 9-4-1, 60:00 minutes
Dustin Tokarski (Bro), 32 saves from 37 shots - (0,865), L, 8-8-0, 60:00 minutes

Players Stats for Inferno

Player Name              G  A  P  +/- PIM S  H  SB GA TA FO     MP     PP MP  PK MP  
------------------------------------------------------------------------------------
Anders Lee               1  0  1   2  0   3  2  0  0  0  0/0     8:29   0:10   0:04 
Brendan Mikkelson        0  0  0   0  0   2  1  2  1  0  0/0    26:51   6:21   2:17 
Brian Boyle              0  0  0  -1  0   3  2  0  1  0  2/5    11:38   0:00   1:23 
Cal O'Reilly             0  1  1   1  0   2  0  0  0  0  1/3     7:45   0:00   0:00 
Christian Folin          0  1  1   2  0   4  0  0  0  0  0/0     8:05   0:00   0:00 
Colby Robak              0  1  1   1  0   0  0  0  0  0  0/0    15:27   0:00   1:59 
David Savard             0  0  0   2  0   2  0  0  1  0  0/0    18:04   3:34   0:20 
David Ullstrom           0  0  0   2  0   1  1  0  0  0  2/2    15:22   4:06   0:00 
Jonathan Ferland         0  1  1   0  0   2  2  0  1  1  0/1    20:56   5:39   0:00 
Matt Kassian             0  1  1   0  0   0  0  0  0  0  0/0    11:18   0:10   0:44 
Mikhail Grabovski        1  0  1   0  0   3  2  0  3  1  16/29  22:25   5:39   0:43 
Pavel Vorobiev           1  0  1   0  0   3  0  1  2  0  0/0    11:57   0:10   1:23 
Sami Vatanen             0  0  0   0  0   1  1  2  1  0  0/0    20:09   3:34   2:32 
Stephane Veilleux        0  0  0   0  2   4  1  0  1  0  2/4    22:56   5:39   2:01 
Vladimir Sobotka         0  2  2   2  0   1  4  0  2  0  13/16  18:11   4:06   2:14 
Vladimir Zharkov         1  0  1   2  0   2  3  0  0  1  0/0    15:54   4:06   0:00 
Yannick Weber            1  0  1   0  2   3  6  0  1  1  0/0    25:29   6:21   1:24 
Zach Redmond             0  1  1   2  2   1  0  0  0  0  0/0    13:38   0:00   0:00 

Players Stats for Gangsters

Player Name              G  A  P  +/- PIM S  H  SB GA TA FO     MP     PP MP  PK MP  
------------------------------------------------------------------------------------
Alexandre Bolduc         1  0  1  -2  0   3  2  3  0  2  2/15   20:27   1:46   5:48 
Artem Anisimov           0  0  0   0  0   0  0  0  0  0  0/0     0:00   0:00   0:00 
Ben Holmstrom            0  0  0   0  0   3  3  0  1  0  1/4     8:37   0:05   0:00 
Brett Ponich             0  0  0   0  0   0  0  0  0  1  0/0    10:47   0:00   0:27 
Bryan Young              0  0  0  -3  2   0  1  3  1  3  0/0    26:41   2:56   4:33 
Curtis McKenzie          0  0  0  -1  0   1  1  0  0  0  0/0     6:57   0:00   0:46 
Dave Dziurzynski         0  1  1  -2  0   0  2  0  0  0  1/1    13:41   1:46   0:00 
Devante Smith-Pelly      0  0  0   0  0   1  1  0  0  0  0/0     5:50   0:00   0:00 
Gabriel Dumont           0  0  0   0  0   0  0  0  0  0  0/0     0:12   0:00   0:00 
Igor Radulov             0  1  1   1  2   5  1  1  1  1  6/11   21:39   2:24   5:48 
Luke Gazdic              0  0  0  -1  2   1  2  0  0  0  0/0    10:38   0:00   0:00 
Matt Delahey             0  0  0  -3  4   2  4  5  0  1  0/0    25:20   2:56   3:09 
Maxime Sauvé             0  0  0  -1  0   6  0  0  0  0  3/5    13:39   0:05   0:00 
Michael Sdao             0  0  0   0  0   2  2  1  0  0  0/0    21:58   1:20   4:21 
Mikko Lehtonen           0  1  1  -2  0   2  0  0  0  2  0/0    13:41   1:46   0:00 
Morgan Ellis             0  0  0  -1  0   2  1  0  0  2  0/0    15:07   0:00   4:23 
Patrik Nemeth            0  0  0   0  2   0  1  1  0  1  0/0    20:19   1:20   2:57 
Phil McRae               0  0  0   0  0   0  0  0  0  0  0/0     0:00   0:00   0:00 
Richard Panik            0  0  0  -2  0   3  1  0  0  0  0/2    14:25   0:05   0:46 
Ryan Johansen            0  1  1   1  0   3  1  4  1  0  10/20  19:27   2:25   3:21 
Ryan Jones               1  0  1   1  0   5  1  0  0  1  1/2    19:27   2:25   3:21 
Shaun Heska              0  0  0   0  0   0  0  0  0  0  0/0     0:00   0:00   0:00 

3 Stars

1 - Vladimir Sobotka (Anc)
2 - Vladimir Zharkov (Anc)
3 - Anders Lee (Anc)

Power Play

Inferno - 0 on 6 Attempt(s) - 0,00%
Gangsters - 0 on 3 Attempt(s) - 0,00%

Penalty Kill

Inferno - 3 on 3 Attempt(s) - 100,00% - Score 0 goal in Penalty Kill
Gangsters - 6 on 6 Attempt(s) - 100,00% - Score 0 goal in Penalty Kill

Team Stat

Inferno - Hits : 25 - Faceoff Wins : 36 - Blocked Shots : 5 - Penalty Minutes : 6
Gangsters - Hits : 24 - Faceoff Wins : 24 - Blocked Shots : 18 - Penalty Minutes : 12

Official

Referees : Ciamaga Chris and Kimmerly Greg
Linesman : Derek Amell and Darren Gibbs

Game Notes

No Game Note

Finance

Level 1 -- Attendance: 1624 (81,20%) -- Ticket Income 56 840 $
Level 2 -- Attendance: 720 (72,00%) -- Ticket Income 10 800 $
Total Attendance: 2344 (78,13%)
Total Ticket Income: 67 640 $
Other Income: 3 382 $
Total Income: 71 022 $

Inferno

5 vs 5 Forward 
   Center                   Left Wing                Right Wing               Time % Phy DF OF 
 1 Mikhail Grabovski        Stephane Veilleux        Jonathan Ferland         40     1   2  2  
 2 Vladimir Sobotka         David Ullstrom           Vladimir Zharkov         30     1   2  2  
 3 Brian Boyle              Matt Kassian             Pavel Vorobiev           20     1   2  2  
 4 Cal O'Reilly             Anders Lee               Christian Folin          10     1   2  2  

5 vs 5 Defense 
   Defense                  Defense                                           Time % Phy DF OF 
 1 Brendan Mikkelson        Yannick Weber                                     40     1   2  2  
 2 Colby Robak              Sami Vatanen                                      30     1   2  2  
 3 David Savard             Zach Redmond                                      20     1   2  2  
 4 Brendan Mikkelson        Sami Vatanen                                      10     1   2  2  

PowerPlay Forward 
   Center                   Left Wing                Right Wing               Time % Phy DF OF 
 1 Mikhail Grabovski        Stephane Veilleux        Jonathan Ferland         60     1   2  2  
 2 Vladimir Sobotka         David Ullstrom           Vladimir Zharkov         40     1   2  2  

PowerPlay Defense
   Defense                  Defense                                           Time % Phy DF OF 
 1 Brendan Mikkelson        Yannick Weber                                     60     1   2  2  
 2 David Savard             Sami Vatanen                                      40     1   2  2  

Penalty Kill 4 Players Forward 
   Center                   Wing                     Time % Phy DF OF 
 1 Vladimir Sobotka         Stephane Veilleux        60     1   2  2  
 2 Brian Boyle              Pavel Vorobiev           40     1   2  2  

Penalty Kill 4 Players Defense
   Defense                  Defense                  Time % Phy DF OF 
 1 Brendan Mikkelson        Yannick Weber            60     1   2  2  
 2 Colby Robak              Sami Vatanen             40     1   2  2  

Penalty Kill - 3 Players Forward 
   Forward                                           Time % Phy DF OF 
 1 Mikhail Grabovski                                 60     1   2  2  
 2 Vladimir Sobotka                                  40     1   2  2  

Penalty Kill - 3 Players Defense
   Defense                  Defense                  Time % Phy DF OF 
 1 Brendan Mikkelson        Yannick Weber            60     1   2  2  
 2 Colby Robak              Sami Vatanen             40     1   2  2  

4 vs 4 Forward 
   Center                   Wing                     Time % Phy DF OF 
 1 Mikhail Grabovski        Stephane Veilleux        60     1   2  2  
 2 Vladimir Sobotka         Jonathan Ferland         40     1   2  2  

4 vs 4 Defense
   Defense                  Defense                  Time % Phy DF OF 
 1 Brendan Mikkelson        Yannick Weber            60     1   2  2  
 2 Colby Robak              Sami Vatanen             40     1   2  2  

Last Minutes Offensive
   Center                   Left Wing                Right Wing               Defense                  Defense                  
   Mikhail Grabovski        Stephane Veilleux        Jonathan Ferland         Brendan Mikkelson        Yannick Weber            

Last Minutes Defensive
   Center                   Left Wing                Right Wing               Defense                  Defense                  
   Mikhail Grabovski        Stephane Veilleux        Jonathan Ferland         Brendan Mikkelson        Yannick Weber            

Goaltenders
Starting : Josh Harding             
Backup : Michael Hutchinson       

Extra Forwards
Normal : Vladimir Sobotka, Vladimir Zharkov, Anders Lee - PP : Pavel Vorobiev, Matt Kassian - PK : Mikhail Grabovski
Extra Defensemen
Normal : Colby Robak, David Savard, Christian Folin - PP : Christian Folin - PK : David Savard, Zach Redmond
Penalty Shots
Mikhail Grabovski, Vladimir Zharkov, Jonathan Ferland, Anders Lee, Stephane Veilleux

Gangsters

5 vs 5 Forward 
   Center                   Left Wing                Right Wing               Time % Phy DF OF 
 1 Ryan Johansen            Igor Radulov             Ryan Jones               40     1   2  2  
 2 Alexandre Bolduc         Dave Dziurzynski         Mikko Lehtonen           30     1   2  2  
 3 Maxime Sauvé             Luke Gazdic              Richard Panik            20     1   2  2  
 4 Ben Holmstrom            Curtis McKenzie          Devante Smith-Pelly      10     1   2  2  

5 vs 5 Defense 
   Defense                  Defense                                           Time % Phy DF OF 
 1 Bryan Young              Matt Delahey                                      40     1   2  2  
 2 Michael Sdao             Patrik Nemeth                                     30     1   2  2  
 3 Brett Ponich             Morgan Ellis                                      20     1   2  2  
 4 Bryan Young              Matt Delahey                                      10     1   2  2  

PowerPlay Forward 
   Center                   Left Wing                Right Wing               Time % Phy DF OF 
 1 Ryan Johansen            Igor Radulov             Ryan Jones               60     1   2  2  
 2 Alexandre Bolduc         Dave Dziurzynski         Mikko Lehtonen           40     1   2  2  

PowerPlay Defense
   Defense                  Defense                                           Time % Phy DF OF 
 1 Bryan Young              Matt Delahey                                      60     1   2  2  
 2 Michael Sdao             Patrik Nemeth                                     40     1   2  2  

Penalty Kill 4 Players Forward 
   Center                   Wing                     Time % Phy DF OF 
 1 Igor Radulov             Alexandre Bolduc         60     1   2  2  
 2 Ryan Jones               Ryan Johansen            40     1   2  2  

Penalty Kill 4 Players Defense
   Defense                  Defense                  Time % Phy DF OF 
 1 Bryan Young              Matt Delahey             60     1   2  2  
 2 Michael Sdao             Patrik Nemeth            40     1   2  2  

Penalty Kill - 3 Players Forward 
   Forward                                           Time % Phy DF OF 
 1 Igor Radulov                                      60     1   2  2  
 2 Alexandre Bolduc                                  40     1   2  2  

Penalty Kill - 3 Players Defense
   Defense                  Defense                  Time % Phy DF OF 
 1 Bryan Young              Matt Delahey             60     1   2  2  
 2 Michael Sdao             Patrik Nemeth            40     1   2  2  

4 vs 4 Forward 
   Center                   Wing                     Time % Phy DF OF 
 1 Igor Radulov             Alexandre Bolduc         60     1   2  2  
 2 Ryan Jones               Ryan Johansen            40     1   2  2  

4 vs 4 Defense
   Defense                  Defense                  Time % Phy DF OF 
 1 Bryan Young              Matt Delahey             60     1   2  2  
 2 Michael Sdao             Patrik Nemeth            40     1   2  2  

Last Minutes Offensive
   Center                   Left Wing                Right Wing               Defense                  Defense                  
   Alexandre Bolduc         Igor Radulov             Ryan Jones               Bryan Young              Matt Delahey             

Last Minutes Defensive
   Center                   Left Wing                Right Wing               Defense                  Defense                  
   Alexandre Bolduc         Igor Radulov             Ryan Jones               Bryan Young              Matt Delahey             

Goaltenders
Starting : Dustin Tokarski          
Backup : Brad Thiessen            

Extra Forwards
Normal : Maxime Sauvé, Ben Holmstrom, Richard Panik - PP : Maxime Sauvé, Ben Holmstrom - PK : Richard Panik
Extra Defensemen
Normal : Brett Ponich, Morgan Ellis, Michael Sdao - PP : Brett Ponich - PK : Morgan Ellis, Michael Sdao
Penalty Shots
Igor Radulov, Alexandre Bolduc, Ryan Jones, Ryan Johansen, Mikko Lehtonen

% Time on Ice - Inferno

Lines # - Real PCT - Wanted PCT - Time Play
Normal Forward
1 - 35% - 40% - 15:26
2 - 25% - 30% - 11:16
3 - 23% - 20% - 10:15
4 - 17% - 10% - 7:45
Normal Defense
1 - 38% - 40% - 16:57
2 - 30% - 30% - 13:35
3 - 31% - 20% - 13:39
4 - 1% - 10% - 0:31
PP Forward
1 - 59% - 60% - 5:49
2 - 41% - 40% - 4:06
PP Defense
1 - 64% - 60% - 6:21
2 - 36% - 40% - 3:34
PK Forward
1 - 68% - 60% - 2:53
2 - 32% - 40% - 1:23
PK Defense
1 - 54% - 60% - 2:17
2 - 46% - 40% - 1:59
PK3 Forward
1 - 0% - 60%
2 - 0% - 40%
PK3 Defense
1 - 0% - 60%
2 - 0% - 40%
44 Forward
1 - 100% - 60% - 1:07
2 - 0% - 40% - 0:00
44 Defense
1 - 100% - 60% - 1:07
2 - 0% - 40% - 0:00
Last Minute Offensive  - 0:00
Last Minute Defensive  - 0:00
Total
Forward - 60:00
Defense - 60:00

% Time on Ice - Gangsters

Lines # - Real PCT - Wanted PCT - Time Play
Normal Forward
1 - 36% - 40% - 16:11
2 - 27% - 30% - 12:09
3 - 24% - 20% - 10:32
4 - 13% - 10% - 5:50
Normal Defense
1 - 39% - 40% - 17:23
2 - 35% - 30% - 15:35
3 - 23% - 20% - 10:19
4 - 3% - 10% - 1:25
PP Forward
1 - 59% - 60% - 2:30
2 - 41% - 40% - 1:46
PP Defense
1 - 69% - 60% - 2:56
2 - 31% - 40% - 1:20
PK Forward
1 - 66% - 60% - 6:34
2 - 34% - 40% - 3:21
PK Defense
1 - 59% - 60% - 5:51
2 - 41% - 40% - 4:04
PK3 Forward
1 - 0% - 60%
2 - 0% - 40%
PK3 Defense
1 - 0% - 60%
2 - 0% - 40%
44 Forward
1 - 100% - 60% - 1:07
2 - 0% - 40% - 0:00
44 Defense
1 - 39% - 60% - 0:26
2 - 61% - 40% - 0:41
Last Minute Offensive  - 0:00
Last Minute Defensive  - 0:00
Total
Forward - 60:00
Defense - 60:00

Play by Play

1st period


0:01 of 1st period - Mikhail Grabovski wins face-off versus Ryan Johansen in neutral zone.
0:15 of 1st period - Off-side.
0:16 of 1st period - Vladimir Sobotka wins face-off versus Alexandre Bolduc in neutral zone.
1:07 of 1st period - Minor Penalty to Zach Redmond for Roughing.
1:08 of 1st period - Vladimir Sobotka wins face-off versus Ryan Johansen in Inferno zone.
1:20 of 1st period - Stephane Veilleux is hit by Ryan Jones and loses puck.
1:57 of 1st period - Ryan Johansen is hit by Vladimir Sobotka and loses puck.
3:07 of 1st period - Penalty to Zach Redmond is over, Zach Redmond is back on ice.
3:18 of 1st period - Snap shot by Cal O'Reilly.
3:18 of 1st period - Shot Misses the Net.
3:22 of 1st period - Snap shot by Cal O'Reilly.
3:22 of 1st period - Stopped by Dustin Tokarski with a rebound.
3:39 of 1st period - Snap shot by Maxime Sauvé.
3:39 of 1st period - Stopped by Josh Harding with a rebound.
3:41 of 1st period - Slapshot by Morgan Ellis.
3:41 of 1st period - Stopped by Josh Harding with a rebound.
3:43 of 1st period - Snap shot by Maxime Sauvé.
3:43 of 1st period - Stopped by Josh Harding with a rebound.
3:45 of 1st period - Snap shot by Ben Holmstrom.
3:45 of 1st period - Stopped by Josh Harding with a rebound.
3:57 of 1st period - Wrist shot by Ben Holmstrom.
3:57 of 1st period - Stopped by Josh Harding with a rebound.
4:42 of 1st period - Matt Kassian is hit by Matt Delahey.
5:06 of 1st period - Zach Redmond is hit by Ben Holmstrom and loses puck.
5:15 of 1st period - Wrist shot by Richard Panik.
5:15 of 1st period - Shot Blocked by Pavel Vorobiev.
5:27 of 1st period - Slapshot by Pavel Vorobiev.
5:27 of 1st period - Shot Misses the Net.
5:39 of 1st period - Slapshot by Maxime Sauvé.
5:39 of 1st period - Stopped by Josh Harding with a rebound.
5:41 of 1st period - Slapshot by Matt Delahey.
5:41 of 1st period - Stopped by Josh Harding without a rebound.
5:42 of 1st period - Mikhail Grabovski wins face-off versus Alexandre Bolduc in Inferno zone.
6:13 of 1st period - Wrist shot by Vladimir Zharkov.
6:13 of 1st period - Shot Misses the Net.
6:15 of 1st period - Snap shot by Brendan Mikkelson.
6:15 of 1st period - Shot Blocked by Ryan Johansen.
6:17 of 1st period - Snap shot by David Ullstrom.
6:17 of 1st period - Shot Misses the Net.
6:19 of 1st period - Wrist shot by Brendan Mikkelson.
6:19 of 1st period - Deflect By Ryan Johansen.
6:19 of 1st period - Stopped by Dustin Tokarski without a rebound.
6:20 of 1st period - Mikhail Grabovski wins face-off versus Alexandre Bolduc in Gangsters zone.
6:29 of 1st period - Wrist shot by Mikko Lehtonen.
6:29 of 1st period - Stopped by Josh Harding with a rebound.
6:52 of 1st period - Snap shot by Ryan Jones.
6:52 of 1st period - Shot Misses the Net.
7:09 of 1st period - Mikko Lehtonen is hit by Anders Lee.
7:22 of 1st period - Off-side.
7:23 of 1st period - Ryan Johansen wins face-off versus Mikhail Grabovski in neutral zone.
7:26 of 1st period - Wrist shot by Igor Radulov.
7:26 of 1st period - Deflect By Ryan Jones.
7:26 of 1st period - Stopped by Josh Harding with a rebound.
7:50 of 1st period - Vladimir Sobotka is hit by Alexandre Bolduc and loses puck.
8:32 of 1st period - Wrist shot by Jonathan Ferland.
8:32 of 1st period - Shot Blocked by Matt Delahey.
8:34 of 1st period - Slapshot by Brendan Mikkelson.
8:34 of 1st period - Deflect By Jonathan Ferland.
8:34 of 1st period - Shot Blocked by Bryan Young.
8:34 of 1st period - Puck is out of play.
8:35 of 1st period - Vladimir Sobotka wins face-off versus Igor Radulov in Gangsters zone.
8:40 of 1st period - Snap shot by Vladimir Sobotka.
8:40 of 1st period - Shot Blocked by Ryan Johansen.
8:42 of 1st period - Minor Penalty to Patrik Nemeth for Hooking.
8:43 of 1st period - Mikhail Grabovski wins face-off versus Igor Radulov in Gangsters zone.
9:13 of 1st period - Wrist shot by Vladimir Sobotka.
9:13 of 1st period - Stopped by Dustin Tokarski without a rebound.
9:14 of 1st period - Vladimir Sobotka wins face-off versus Igor Radulov in Gangsters zone.
10:06 of 1st period - Snap shot by Vladimir Sobotka.
10:06 of 1st period - Shot Misses the Net.
10:08 of 1st period - Slapshot by David Savard.
10:08 of 1st period - Shot Blocked by Ryan Johansen.
10:10 of 1st period - Wrist shot by Vladimir Sobotka.
10:10 of 1st period - Deflect By Ryan Johansen.
10:10 of 1st period - Shot Blocked by Matt Delahey.
10:10 of 1st period - Puck is out of play.
10:11 of 1st period - Igor Radulov wins face-off versus Vladimir Sobotka in Gangsters zone.
10:42 of 1st period - Penalty to Patrik Nemeth is over, Patrik Nemeth is back on ice.
10:53 of 1st period - Snap shot by Richard Panik.
10:53 of 1st period - Deflect By Maxime Sauvé.
10:53 of 1st period - Stopped by Josh Harding with a rebound.
11:26 of 1st period - Snap shot by Richard Panik.
11:26 of 1st period - Shot Misses the Net.
11:34 of 1st period - Vladimir Sobotka is hit by Luke Gazdic and loses puck.
11:39 of 1st period - Slapshot by Maxime Sauvé.
11:39 of 1st period - Shot Misses the Net.
11:47 of 1st period - Wrist shot by Vladimir Zharkov.
11:47 of 1st period - Shot Misses the Net.
11:49 of 1st period - Slapshot by Zach Redmond.
11:49 of 1st period - Stopped by Dustin Tokarski with a rebound.
11:51 of 1st period - Wrist shot by Vladimir Zharkov.
11:51 of 1st period - Goal by Vladimir Zharkov - Inferno : 1 - Gangsters : 0.
11:52 of 1st period - Mikhail Grabovski wins face-off versus Alexandre Bolduc in neutral zone.
12:24 of 1st period - Slapshot by Brendan Mikkelson.
12:24 of 1st period - Stopped by Dustin Tokarski without a rebound.
12:25 of 1st period - Vladimir Sobotka wins face-off versus Ben Holmstrom in Gangsters zone.
12:36 of 1st period - Wrist shot by Vladimir Sobotka.
12:36 of 1st period - Shot Hit the Post.
12:50 of 1st period - Stephane Veilleux is hit by Michael Sdao.
12:54 of 1st period - Wrist shot by Alexandre Bolduc.
12:54 of 1st period - Shot Blocked by Sami Vatanen.
12:56 of 1st period - Snap shot by Matt Delahey.
12:56 of 1st period - Shot Blocked by Sami Vatanen.
12:58 of 1st period - Slapshot by Mikko Lehtonen.
12:58 of 1st period - Stopped by Josh Harding with a rebound.
13:00 of 1st period - Snap shot by Matt Delahey.
13:00 of 1st period - Deflect By Stephane Veilleux.
13:00 of 1st period - Stopped by Josh Harding with a rebound.
13:02 of 1st period - Snap shot by Alexandre Bolduc.
13:02 of 1st period - Stopped by Josh Harding without a rebound.
13:03 of 1st period - David Ullstrom wins face-off versus Maxime Sauvé in Inferno zone.
13:03 of 1st period - David Ullstrom is hit by Matt Delahey.
13:17 of 1st period - Slapshot by Bryan Young.
13:17 of 1st period - Shot Blocked by Brendan Mikkelson.
13:23 of 1st period - Matt Delahey is hit by Vladimir Sobotka and loses puck.
14:02 of 1st period - Snap shot by Igor Radulov.
14:02 of 1st period - Stopped by Josh Harding with a rebound.
14:04 of 1st period - Wrist shot by Ryan Jones.
14:04 of 1st period - Goal by Ryan Jones - Inferno : 1 - Gangsters : 1.
14:05 of 1st period - Mikhail Grabovski wins face-off versus Alexandre Bolduc in neutral zone.
14:14 of 1st period - Alexandre Bolduc is hit by Yannick Weber.
14:32 of 1st period - David Ullstrom is hit by Richard Panik and loses puck.
15:21 of 1st period - Snap shot by Cal O'Reilly.
15:21 of 1st period - Stopped by Dustin Tokarski with a rebound.
15:23 of 1st period - Snap shot by Brendan Mikkelson.
15:23 of 1st period - Deflect By Christian Folin.
15:23 of 1st period - Stopped by Dustin Tokarski without a rebound.
15:24 of 1st period - Mikhail Grabovski wins face-off versus Alexandre Bolduc in Gangsters zone.
15:49 of 1st period - Ryan Johansen is hit by Vladimir Zharkov.
16:32 of 1st period - Snap shot by Sami Vatanen.
16:32 of 1st period - Shot Misses the Net.
16:34 of 1st period - Slapshot by Anders Lee.
16:34 of 1st period - Stopped by Dustin Tokarski without a rebound.
16:35 of 1st period - Dave Dziurzynski wins face-off versus Mikhail Grabovski in Gangsters zone.
17:00 of 1st period - Igor Radulov is hit by Vladimir Sobotka.
17:12 of 1st period - Wrist shot by David Ullstrom.
17:12 of 1st period - Shot Blocked by Bryan Young.
17:32 of 1st period - Matt Delahey is hit by Brian Boyle.
17:44 of 1st period - Patrik Nemeth is hit by Yannick Weber and loses puck.
18:10 of 1st period - Stephane Veilleux is hit by Patrik Nemeth and loses puck.
18:29 of 1st period - Slapshot by Igor Radulov.
18:29 of 1st period - Stopped by Josh Harding with a rebound.
18:59 of 1st period - Minor Penalty to Luke Gazdic for Hooking.
19:00 of 1st period - Igor Radulov wins face-off versus Mikhail Grabovski in Gangsters zone.
19:07 of 1st period - Slapshot by Mikhail Grabovski.
19:07 of 1st period - Shot Blocked by Matt Delahey.
19:09 of 1st period - Snap shot by Jonathan Ferland.
19:09 of 1st period - Deflect By Stephane Veilleux.
19:09 of 1st period - Stopped by Dustin Tokarski without a rebound.
19:10 of 1st period - Igor Radulov wins face-off versus Mikhail Grabovski in Gangsters zone.
Goals for this period are 1 for Inferno vs 1 for Gangsters.
Shots for this period are 10 for Inferno vs 16 for Gangsters.

2nd period


0:01 of 2nd period - Mikhail Grabovski wins face-off versus Igor Radulov in neutral zone.
0:04 of 2nd period - Slapshot by Yannick Weber.
0:04 of 2nd period - Stopped by Dustin Tokarski with a rebound.
0:31 of 2nd period - Ryan Jones is hit by Vladimir Sobotka and loses puck.
0:59 of 2nd period - Penalty to Luke Gazdic is over, Luke Gazdic is back on ice.
1:11 of 2nd period - Snap shot by Brian Boyle.
1:11 of 2nd period - Stopped by Dustin Tokarski without a rebound.
1:12 of 2nd period - Brian Boyle wins face-off versus Ben Holmstrom in Gangsters zone.
1:17 of 2nd period - Wrist shot by Brian Boyle.
1:17 of 2nd period - Stopped by Dustin Tokarski with a rebound.
1:23 of 2nd period - Brendan Mikkelson is hit by Curtis McKenzie and loses puck.
1:38 of 2nd period - Yannick Weber is hit by Matt Delahey and loses puck.
1:49 of 2nd period - Snap shot by Ryan Johansen.
1:49 of 2nd period - Shot Misses the Net.
2:05 of 2nd period - Snap shot by Dave Dziurzynski.
2:05 of 2nd period - Shot Blocked by Brendan Mikkelson.
2:07 of 2nd period - Snap shot by Alexandre Bolduc.
2:07 of 2nd period - Shot Misses the Net.
2:09 of 2nd period - Snap shot by Mikko Lehtonen.
2:09 of 2nd period - Deflect By Alexandre Bolduc.
2:09 of 2nd period - Goal by Alexandre Bolduc - Inferno : 1 - Gangsters : 2.
2:10 of 2nd period - Ryan Johansen wins face-off versus Mikhail Grabovski in neutral zone.
3:08 of 2nd period - Wrist shot by Maxime Sauvé.
3:08 of 2nd period - Deflect By Richard Panik.
3:08 of 2nd period - Stopped by Josh Harding with a rebound.
3:22 of 2nd period - Wrist shot by Ben Holmstrom.
3:22 of 2nd period - Stopped by Josh Harding without a rebound.
3:23 of 2nd period - Ryan Johansen wins face-off versus Brian Boyle in Inferno zone.
3:26 of 2nd period - Wrist shot by Igor Radulov.
3:26 of 2nd period - Stopped by Josh Harding with a rebound.
3:32 of 2nd period - Snap shot by Pavel Vorobiev.
3:32 of 2nd period - Stopped by Dustin Tokarski with a rebound.
3:34 of 2nd period - Slapshot by Zach Redmond.
3:34 of 2nd period - Deflect By Brian Boyle.
3:34 of 2nd period - Shot Misses the Net.
3:34 of 2nd period - Puck is out of play.
3:35 of 2nd period - Stephane Veilleux wins face-off versus Ryan Johansen in Gangsters zone.
3:36 of 2nd period - Snap shot by Mikhail Grabovski.
3:36 of 2nd period - Shot Blocked by Ryan Johansen.
3:38 of 2nd period - Snap shot by Stephane Veilleux.
3:38 of 2nd period - Stopped by Dustin Tokarski with a rebound.
3:40 of 2nd period - Snap shot by Mikhail Grabovski.
3:40 of 2nd period - Shot Misses the Net.
3:42 of 2nd period - Slapshot by Brendan Mikkelson.
3:42 of 2nd period - Shot Blocked by Michael Sdao.
3:44 of 2nd period - Snap shot by Mikhail Grabovski.
3:44 of 2nd period - Stopped by Dustin Tokarski with a rebound.
4:05 of 2nd period - Slapshot by Christian Folin.
4:05 of 2nd period - Stopped by Dustin Tokarski without a rebound.
4:06 of 2nd period - Alexandre Bolduc wins face-off versus Cal O'Reilly in Gangsters zone.
4:17 of 2nd period - Snap shot by Cal O'Reilly.
4:17 of 2nd period - Shot Misses the Net.
4:19 of 2nd period - Snap shot by Christian Folin.
4:19 of 2nd period - Shot Blocked by Alexandre Bolduc.
4:21 of 2nd period - Wrist shot by Anders Lee.
4:21 of 2nd period - Stopped by Dustin Tokarski without a rebound.
4:22 of 2nd period - Ryan Johansen wins face-off versus Mikhail Grabovski in Gangsters zone.
4:22 of 2nd period - Ryan Johansen is hit by Yannick Weber.
4:32 of 2nd period - Snap shot by Jonathan Ferland.
4:32 of 2nd period - Stopped by Dustin Tokarski with a rebound.
4:34 of 2nd period - Snap shot by Stephane Veilleux.
4:34 of 2nd period - Shot Hit the Post.
5:01 of 2nd period - Slapshot by Pavel Vorobiev.
5:01 of 2nd period - Stopped by Dustin Tokarski without a rebound.
5:02 of 2nd period - Alexandre Bolduc wins face-off versus Mikhail Grabovski in Gangsters zone.
5:04 of 2nd period - Icing by Mikko Lehtonen.
5:05 of 2nd period - Mikhail Grabovski wins face-off versus Alexandre Bolduc in Gangsters zone.
5:08 of 2nd period - Snap shot by Stephane Veilleux.
5:08 of 2nd period - Stopped by Dustin Tokarski with a rebound.
5:24 of 2nd period - Matt Delahey is hit by Jonathan Ferland and loses puck.
6:07 of 2nd period - Snap shot by Mikhail Grabovski.
6:07 of 2nd period - Goal by Mikhail Grabovski - Inferno : 2 - Gangsters : 2.
6:08 of 2nd period - Vladimir Sobotka wins face-off versus Ryan Johansen in neutral zone.
6:11 of 2nd period - Snap shot by Yannick Weber.
6:11 of 2nd period - Stopped by Dustin Tokarski without a rebound.
6:12 of 2nd period - Vladimir Sobotka wins face-off versus Ryan Johansen in Gangsters zone.
6:27 of 2nd period - Snap shot by Ryan Jones.
6:27 of 2nd period - Stopped by Josh Harding with a rebound.
6:36 of 2nd period - Off-side.
6:37 of 2nd period - Brian Boyle wins face-off versus Richard Panik in neutral zone.
6:43 of 2nd period - Sami Vatanen is hit by Bryan Young and loses puck.
6:51 of 2nd period - Minor Penalty to Bryan Young for Holding Stick.
6:52 of 2nd period - Mikhail Grabovski wins face-off versus Igor Radulov in Gangsters zone.
7:30 of 2nd period - Snap shot by Ryan Jones.
7:30 of 2nd period - Shot Misses the Net.
7:32 of 2nd period - Wrist shot by Ryan Jones.
7:32 of 2nd period - Stopped by Josh Harding with a rebound.
8:14 of 2nd period - Michael Sdao is hit by Mikhail Grabovski and loses puck.
8:51 of 2nd period - Penalty to Bryan Young is over, Bryan Young is back on ice.
8:53 of 2nd period - Matt Delahey is hit by Sami Vatanen and loses puck.
8:58 of 2nd period - Snap shot by Pavel Vorobiev.
8:58 of 2nd period - Goal by Pavel Vorobiev - Inferno : 3 - Gangsters : 2.
8:59 of 2nd period - Mikhail Grabovski wins face-off versus Richard Panik in neutral zone.
9:02 of 2nd period - Backhand shot by Brendan Mikkelson.
9:02 of 2nd period - Shot Misses the Net.
9:24 of 2nd period - David Ullstrom is hit by Igor Radulov and loses puck.
9:29 of 2nd period - Snap shot by Ryan Johansen.
9:29 of 2nd period - Shot Misses the Net.
9:31 of 2nd period - Snap shot by Morgan Ellis.
9:31 of 2nd period - Stopped by Josh Harding with a rebound.
9:49 of 2nd period - Brendan Mikkelson is hit by Alexandre Bolduc and loses puck.
10:46 of 2nd period - Snap shot by Vladimir Sobotka.
10:46 of 2nd period - Shot Blocked by Igor Radulov.
11:22 of 2nd period - Icing by Christian Folin.
11:23 of 2nd period - Ben Holmstrom wins face-off versus Cal O'Reilly in Inferno zone.
11:27 of 2nd period - Icing by Zach Redmond.
11:28 of 2nd period - Cal O'Reilly wins face-off versus Ryan Johansen in Inferno zone.
11:28 of 2nd period - Cal O'Reilly is hit by Ryan Johansen.
12:36 of 2nd period - Slapshot by Anders Lee.
12:36 of 2nd period - Shot Blocked by Alexandre Bolduc.
12:38 of 2nd period - Snap shot by Christian Folin.
12:38 of 2nd period - Stopped by Dustin Tokarski with a rebound.
12:40 of 2nd period - Slapshot by Christian Folin.
12:40 of 2nd period - Shot Misses the Net.
12:42 of 2nd period - Slapshot by David Savard.
12:42 of 2nd period - Stopped by Dustin Tokarski with a rebound.
12:52 of 2nd period - Wrist shot by Christian Folin.
12:52 of 2nd period - Stopped by Dustin Tokarski with a rebound.
13:04 of 2nd period - Wrist shot by Cal O'Reilly.
13:04 of 2nd period - Shot Misses the Net.
13:06 of 2nd period - Snap shot by Anders Lee.
13:06 of 2nd period - Goal by Anders Lee - Inferno : 4 - Gangsters : 2.
13:07 of 2nd period - Ryan Johansen wins face-off versus Mikhail Grabovski in neutral zone.
13:22 of 2nd period - Wrist shot by Ryan Jones.
13:22 of 2nd period - Shot Misses the Net.
13:47 of 2nd period - Minor Penalty to Yannick Weber for Holding.
13:48 of 2nd period - Stephane Veilleux wins face-off versus Ryan Johansen in Inferno zone.
14:27 of 2nd period - Mikko Lehtonen is hit by Brian Boyle and loses puck.
15:47 of 2nd period - Penalty to Yannick Weber is over, Yannick Weber is back on ice.
16:14 of 2nd period - Snap shot by Devante Smith-Pelly.
16:14 of 2nd period - Stopped by Josh Harding with a rebound.
16:26 of 2nd period - Ben Holmstrom is hit by Yannick Weber and loses puck.
16:52 of 2nd period - Icing by Maxime Sauvé.
16:53 of 2nd period - Vladimir Sobotka wins face-off versus Alexandre Bolduc in Gangsters zone.
16:54 of 2nd period - Snap shot by David Ullstrom.
16:54 of 2nd period - Stopped by Dustin Tokarski with a rebound.
17:52 of 2nd period - Slapshot by Sami Vatanen.
17:52 of 2nd period - Stopped by Dustin Tokarski without a rebound.
17:53 of 2nd period - Ryan Johansen wins face-off versus Stephane Veilleux in Gangsters zone.
17:59 of 2nd period - Minor Penalty to Matt Delahey for Hooking.
18:00 of 2nd period - Igor Radulov wins face-off versus Mikhail Grabovski in Gangsters zone.
18:39 of 2nd period - Wrist shot by Vladimir Sobotka.
18:39 of 2nd period - Shot Misses the Net.
18:41 of 2nd period - Slapshot by Vladimir Sobotka.
18:41 of 2nd period - Shot Misses the Net.
19:59 of 2nd period - Penalty to Matt Delahey is over, Matt Delahey is back on ice.
Goals for this period are 3 for Inferno vs 1 for Gangsters.
Shots for this period are 20 for Inferno vs 8 for Gangsters.

3rd period


0:01 of 3rd period - Ryan Johansen wins face-off versus Jonathan Ferland in neutral zone.
0:04 of 3rd period - Snap shot by Ryan Jones.
0:04 of 3rd period - Shot Misses the Net.
0:25 of 3rd period - Minor Penalty to Matt Delahey for Holding.
0:26 of 3rd period - Igor Radulov wins face-off versus Stephane Veilleux in Gangsters zone.
0:26 of 3rd period - Igor Radulov is hit by Brendan Mikkelson.
1:01 of 3rd period - Wrist shot by Ryan Johansen.
1:01 of 3rd period - Shot Misses the Net.
1:31 of 3rd period - Snap shot by Igor Radulov.
1:31 of 3rd period - Shot Misses the Net.
1:34 of 3rd period - Icing by Sami Vatanen.
1:35 of 3rd period - David Ullstrom wins face-off versus Ryan Jones in Inferno zone.
2:25 of 3rd period - Penalty to Matt Delahey is over, Matt Delahey is back on ice.
3:31 of 3rd period - Michael Sdao is hit by David Ullstrom and loses puck.
4:06 of 3rd period - Icing by Jonathan Ferland.
4:07 of 3rd period - Mikhail Grabovski wins face-off versus Ben Holmstrom in Inferno zone.
4:20 of 3rd period - Ben Holmstrom is hit by Jonathan Ferland and loses puck.
4:29 of 3rd period - Snap shot by Mikhail Grabovski.
4:29 of 3rd period - Shot Misses the Net.
4:31 of 3rd period - Wrist shot by Jonathan Ferland.
4:31 of 3rd period - Shot Misses the Net.
4:39 of 3rd period - Snap shot by Stephane Veilleux.
4:39 of 3rd period - Shot Misses the Net.
4:41 of 3rd period - Slapshot by Stephane Veilleux.
4:41 of 3rd period - Stopped by Dustin Tokarski with a rebound.
4:43 of 3rd period - Snap shot by Mikhail Grabovski.
4:43 of 3rd period - Shot Blocked by Matt Delahey.
4:45 of 3rd period - Wrist shot by Mikhail Grabovski.
4:45 of 3rd period - Stopped by Dustin Tokarski without a rebound.
4:46 of 3rd period - Vladimir Sobotka wins face-off versus Ryan Johansen in Gangsters zone.
4:59 of 3rd period - Igor Radulov is hit by Vladimir Zharkov and loses puck.
5:12 of 3rd period - Matt Kassian is hit by Dave Dziurzynski and loses puck.
5:19 of 3rd period - Slapshot by Sami Vatanen.
5:19 of 3rd period - Deflect By Pavel Vorobiev.
5:19 of 3rd period - Shot Hit the Post.
5:19 of 3rd period - Puck is out of play.
5:20 of 3rd period - Igor Radulov wins face-off versus Mikhail Grabovski in Gangsters zone.
5:45 of 3rd period - Colby Robak is hit by Matt Delahey and loses puck.
6:30 of 3rd period - Snap shot by Ryan Johansen.
6:30 of 3rd period - Stopped by Josh Harding without a rebound.
6:31 of 3rd period - Ryan Johansen wins face-off versus Mikhail Grabovski in Inferno zone.
6:37 of 3rd period - Off-side.
6:38 of 3rd period - Mikhail Grabovski wins face-off versus Ryan Johansen in neutral zone.
6:47 of 3rd period - Slapshot by Mikhail Grabovski.
6:47 of 3rd period - Shot Misses the Net.
6:49 of 3rd period - Snap shot by Stephane Veilleux.
6:49 of 3rd period - Deflect By Mikhail Grabovski.
6:49 of 3rd period - Shot Blocked by Matt Delahey.
6:49 of 3rd period - Puck is out of play.
6:50 of 3rd period - Mikhail Grabovski wins face-off versus Ryan Johansen in Gangsters zone.
7:06 of 3rd period - Wrist shot by Jonathan Ferland.
7:06 of 3rd period - Stopped by Dustin Tokarski with a rebound.
7:18 of 3rd period - Wrist shot by Vladimir Sobotka.
7:18 of 3rd period - Shot Blocked by Alexandre Bolduc.
7:35 of 3rd period - Off-side.
7:36 of 3rd period - Maxime Sauvé wins face-off versus Brian Boyle in neutral zone.
7:51 of 3rd period - Slapshot by Maxime Sauvé.
7:51 of 3rd period - Stopped by Josh Harding with a rebound.
8:03 of 3rd period - Michael Sdao is hit by Stephane Veilleux and loses puck.
8:28 of 3rd period - Yannick Weber is hit by Morgan Ellis and loses puck.
9:33 of 3rd period - Wrist shot by Luke Gazdic.
9:33 of 3rd period - Stopped by Josh Harding with a rebound.
9:51 of 3rd period - Slapshot by Ryan Johansen.
9:51 of 3rd period - Stopped by Josh Harding without a rebound.
9:52 of 3rd period - Ryan Johansen wins face-off versus Mikhail Grabovski in Inferno zone.
10:36 of 3rd period - Ryan Johansen is hit by Mikhail Grabovski and loses puck.
10:43 of 3rd period - Slapshot by Stephane Veilleux.
10:43 of 3rd period - Shot Blocked by Patrik Nemeth.
10:45 of 3rd period - Snap shot by Mikhail Grabovski.
10:45 of 3rd period - Shot Misses the Net.
10:55 of 3rd period - Slapshot by Igor Radulov.
10:55 of 3rd period - Shot Misses the Net.
10:57 of 3rd period - Wrist shot by Ryan Jones.
10:57 of 3rd period - Stopped by Josh Harding with a rebound.
10:59 of 3rd period - Slapshot by Michael Sdao.
10:59 of 3rd period - Stopped by Josh Harding with a rebound.
11:23 of 3rd period - Snap shot by Igor Radulov.
11:23 of 3rd period - Stopped by Josh Harding with a rebound.
11:49 of 3rd period - Wrist shot by Igor Radulov.
11:49 of 3rd period - Stopped by Josh Harding with a rebound.
11:51 of 3rd period - Slapshot by Michael Sdao.
11:51 of 3rd period - Shot Misses the Net.
11:53 of 3rd period - Slapshot by Michael Sdao.
11:53 of 3rd period - Stopped by Josh Harding with a rebound.
12:13 of 3rd period - Snap shot by Ryan Johansen.
12:13 of 3rd period - Stopped by Josh Harding without a rebound.
12:14 of 3rd period - Vladimir Sobotka wins face-off versus Alexandre Bolduc in Inferno zone.
12:19 of 3rd period - Slapshot by Yannick Weber.
12:19 of 3rd period - Goal by Yannick Weber - Inferno : 5 - Gangsters : 2.
12:20 of 3rd period - Vladimir Sobotka wins face-off versus Alexandre Bolduc in neutral zone.
12:31 of 3rd period - Bryan Young is hit by Yannick Weber and loses puck.
12:47 of 3rd period - Off-side.
12:48 of 3rd period - Maxime Sauvé wins face-off versus Brian Boyle in neutral zone.
12:56 of 3rd period - Snap shot by Brian Boyle.
12:56 of 3rd period - Stopped by Dustin Tokarski without a rebound.
12:57 of 3rd period - Vladimir Sobotka wins face-off versus Alexandre Bolduc in Gangsters zone.
13:10 of 3rd period - Snap shot by Alexandre Bolduc.
13:10 of 3rd period - Stopped by Josh Harding with a rebound.
13:12 of 3rd period - Slapshot by Brett Ponich.
13:12 of 3rd period - Shot Misses the Net.
13:44 of 3rd period - Anders Lee is hit by Ben Holmstrom and loses puck.
14:06 of 3rd period - Off-side.
14:07 of 3rd period - Vladimir Sobotka wins face-off versus Alexandre Bolduc in neutral zone.
14:57 of 3rd period - Pavel Vorobiev is hit by Ben Holmstrom and loses puck.
15:06 of 3rd period - Wrist shot by Devante Smith-Pelly.
15:06 of 3rd period - Shot Misses the Net.
15:18 of 3rd period - Brett Ponich is hit by Anders Lee and loses puck.
15:39 of 3rd period - Off-side.
15:40 of 3rd period - Maxime Sauvé wins face-off versus Vladimir Sobotka in neutral zone.
15:59 of 3rd period - Richard Panik is hit by Vladimir Zharkov.
16:11 of 3rd period - Snap shot by Vladimir Zharkov.
16:11 of 3rd period - Stopped by Dustin Tokarski with a rebound.
16:16 of 3rd period - Off-side.
16:17 of 3rd period - Ryan Johansen wins face-off versus Mikhail Grabovski in neutral zone.
16:24 of 3rd period - Snap shot by Igor Radulov.
16:24 of 3rd period - Shot Misses the Net.
16:44 of 3rd period - Matt Kassian is hit by Michael Sdao and loses puck.
17:03 of 3rd period - Christian Folin is hit by Devante Smith-Pelly and loses puck.
17:48 of 3rd period - Slapshot by David Savard.
17:48 of 3rd period - Stopped by Dustin Tokarski without a rebound.
17:49 of 3rd period - Mikhail Grabovski wins face-off versus Alexandre Bolduc in Gangsters zone.
18:02 of 3rd period - Stephane Veilleux is hit by Dave Dziurzynski and loses puck.
18:15 of 3rd period - Mikhail Grabovski is hit by Luke Gazdic and loses puck.
18:24 of 3rd period - Wrist shot by Richard Panik.
18:24 of 3rd period - Stopped by Josh Harding with a rebound.
18:26 of 3rd period - Snap shot by Richard Panik.
18:26 of 3rd period - Stopped by Josh Harding with a rebound.
18:28 of 3rd period - Slapshot by Luke Gazdic.
18:28 of 3rd period - Deflect By Maxime Sauvé.
18:28 of 3rd period - Stopped by Josh Harding with a rebound.
18:34 of 3rd period - Minor Penalty to Stephane Veilleux for Hooking.
18:35 of 3rd period - Ryan Jones wins face-off versus Vladimir Sobotka in Inferno zone.
18:50 of 3rd period - Snap shot by Matt Kassian.
18:50 of 3rd period - Shot Blocked by Bryan Young.
18:52 of 3rd period - Minor Penalty to Igor Radulov for Hooking.
18:53 of 3rd period - Mikhail Grabovski wins face-off versus Maxime Sauvé in Gangsters zone.
19:30 of 3rd period - Richard Panik is hit by Yannick Weber and loses puck.
19:57 of 3rd period - Snap shot by Curtis McKenzie.
19:57 of 3rd period - Stopped by Josh Harding with a rebound.
Goals for this period are 1 for Inferno vs 0 for Gangsters.
Shots for this period are 7 for Inferno vs 15 for Gangsters.


Output by the SimonT Hockey Simulator (STHS) for François Prévost -- Original Page W3C XHTML 1.0 Valid
Hockey Simulator - Hockey Simulation - Hockey Manager